 BcadrenCrawl: Boulder Brew version 0.06-688-g08e91b2d95 (webtiles) character file.

Game seed: 3939759655387681390

30 Leeroy the Ducker (level 3, 0/36 HPs) Mummified Tengu. Began on Jan 29, 2023. Slain by a giant cockroach (1 damage) ... on level 1 of the Dungeon. The game lasted 00:00:53 (166 turns).

Leeroy the Ducker (Tengu Mummy)                      Turns: 166, Time: 00:00:54

Health: 0/36       AC:  3    Str: 11    XL:     3 ^: 39
Magic:  1/7        EV: 13    Int: 19    God:
Gold:   12         SH:  0    Dex:  9    Spells: 8/9 levels left

rFire    x . .     Slash    .   a - +0 falchion
rCold    + . .     Pierce   +   (no weapon)
rNeg     + + +     Bludgeon .   b - +0 leather armour
rCorr    . . .     Vision   .   (helmet restricted)
rPois    ∞         Gourm    .   (no cloak)
rElec    .         Faith    .   (no gloves)
MR       .....     Spirit   .   (boots unavailable)
HPRegen  0.22/turn Reflect  .   (no amulet)
MPRegen  0.17/turn Harm     .   (no ring)
Stlth    +.........             (no ring)

@: no status effects
A: beak, talons, cold resistance 1, negative energy resistance 3, torment
resistance, unbreathing, heat vulnerability 1, in touch with death 1, ancient
wisdom, undead flesh
a: no special abilities


You were on level 1 of the Dungeon.
You were not hungry.

You visited 1 branch of the dungeon, and saw 1 of its levels.

You collected 12 gold pieces.

Inventory:

Weapons
 a - a +0 falchion (weapon)
Armour
 b - a +0 leather armour (worn)


   Skills:
 + Level 0.1 Fighting
 + Level 2.4 Long Blades
 + Level 0.1 Armour
 + Level 3.7 Dodging
 - Level 2.0 Stealth
 + Level 2.3 Spellcasting
 + Level 3.6 Necromancy


You had 8 spell levels left.
You knew the following spells:

 Your Spells              Type           Power        Failure   Level  Hunger
a - Pain                  Hex/Necr       13 (25)      9%          1    N/A

Your spell library contained the following spells:

 Spells                   Type           Power        Failure   Level  Hunger
 Vampiric Draining        Necr           23 (200)     13%         3    N/A
 Pryten's Skeletal Upris  Chrm/Necr      13 (200)     26%         3    N/A
 Animate Dead             Necr           N/A          38%         4    N/A
 Regeneration             Chrm/Necr      Unusable     N/A         3    N/A

Dungeon Overview and Level Annotations

Branches:
Dungeon (1/8)

Altars:


Innate Abilities, Weirdness & Mutations

You are immune to poison.
You have a beak for a mouth.
You have razor-sharp talons for feet.
You are cold resistant. (rC+)
You are immune to negative energy. (rN+++)
You are immune to unholy pain and torment.
You can survive without breathing.
You are vulnerable to heat. (rF-)
You are in touch with the powers of death.
You can memorise 50% more levels worth of spells.
You gain random stats at level up more slowly, but gain an extra +1 intelligence each time.
Your undead flesh lacks the need for functioning vital organs and takes reduced damage from stabs. (rPiercing+)


Message History

The giant cockroach is moderately wounded. (4/5) HP The giant cockroach bites you but does no damage. x2
You hit the giant cockroach but do no damage. x2
The giant cockroach is moderately wounded. (4/5) HP The giant cockroach barely misses you.
You fails an attempted riposte.
You riposte.
You closely miss the giant cockroach.
You hit the giant cockroach but do no damage.
You hit the giant cockroach (2).
It is struck brutally!
The giant cockroach is severely wounded. (2/5) HP The giant cockroach bites you (1).
You resist.
* * * LOW HITPOINT WARNING * * *
The giant cockroach bites you but does no damage.
You barely miss the giant cockroach. x2
The giant cockroach is severely wounded. (2/5) HP The giant cockroach waves its antennae.
The giant cockroach bites you (1). You resist.
* * * LOW HITPOINT WARNING * * *
The giant cockroach bites you but does no damage.
The giant cockroach bites you (1). You resist.
You die...

#.. ###. .#..# ..####....
..#.. ##... ...#.....
#.#.# #....K.. .....w#
#...##.. #... #.....#
#.........#... #..w..#
.....# ..#...##ss†..#
....# ##..#.....@†)..#
...####..............##
#....##....#.....#....#
#†...#.....#.....#.....#
#..#.#........##†#.......
...#.......##†.†.........
...#..#.#...#.........#.#
......#.#.....#####..##.#
..##..#.#.......# ...#


You could see 2 worms and 2 giant cockroaches.

Vanquished Creatures
  2 sewer rats (D:1)
  A ball python (D:1)
  3 hobgoblins (D:1)
  4 bats (D:1)
  2 kobolds (D:1)
  2 rats (D:1)
14 creatures vanquished.

Notes
Turn   | Place    | Note
-------+----------+-------------------------------------------
     0 | D:1      | Leeroy the Tengu Mummy began the quest for the Orb.
     0 | D:1      | Reached XP level 1. HP: 21/21 MP: 4/4
   148 | D:1      | Reached XP level 2. HP: 23/28 MP: 6/6
   162 | D:1      | Reached XP level 3. HP: 2/36 MP: 0/7
   166 | D:1      | HP: 1/36 [giant cockroach (1)]
   166 | D:1      | Slain by a giant cockroach

Illustrated notes

Levels and vault maps discovered:
D:1:      dpeg_arrival_connections, layout_cave_pools, minmay_misc_feat_columns,
          portal_sewer_entry_b

Action                   || total
-------------------------++-------
Melee: Falchion          ||    16
       Unarmed           ||    11
       Kick              ||     2
 Cast: Pain              ||    10
Armor: Leather armour    ||    13
Dodge: Dodged            ||     5
       Rpst.: Falchion   ||     2
